 Dungeon Crawl Stone Soup version 0.31-a0-1388-g4b2ba238e7 (webtiles) character file.

Game seed: 1803548602986399058

13 TheScarfBastard the Trooper (level 2, 0/26 HPs)
             Began as a Draconian Berserker on Dec 25, 2023.
             Was a Follower of Trog.
             Slain by a rat (2 damage)
             ... on level 1 of the Dungeon.
             The game lasted 00:01:02 (989 turns).

TheScarfBastard the Trooper (Draconian Berserker)    Turns: 989, Time: 00:01:02

Health: 0/26       AC:  4    Str: 19    XL:     2   Next: 24%
Magic:  2/2        EV: 12    Int:  7    God:    Trog [*.....]
Gold:   16         SH:  0    Dex: 10    Spells: 1/1 levels left

rFire   . . .        a - +0 mace
rCold   . . .        (no shield)
rNeg    . . .        (body armour unavailable)
rPois   .            (helmet restricted)
rElec   .            (no cloak)
rCorr   .            (no gloves)
SInv    .            (no boots)
Will    .....        (no amulet)
Stlth   +            (no ring)
HPRegen 0.24/turn    (no ring)
MPRegen 0.08/turn

%: no passive effects
@: no status effects
A: AC +4, unfitting armour, cold-blooded
a: Renounce Religion, Berserk


You were on level 1 of the Dungeon.
You worshipped Trog.
Trog was aware of your devotion.
You visited 1 branch of the dungeon, and saw 1 of its levels.

You collected 16 gold pieces.

Inventory:

Hand Weapons
 a - a +0 mace (weapon)
Potions
 b - a potion of lignification {unknown}
 c - a potion of brilliance


   Skills:
 + Level 3.5 Fighting
 + Level 3.2 Maces & Flails
 + Level 2.9 Dodging


You had one spell level left.
You didn't know any spells.
Your spell library was empty.

Dungeon Overview and Level Annotations

Branches:
Dungeon (1/15)

Altars:


Innate Abilities, Weirdness & Mutations

Your plain brown scales are hard. (AC +4)
You cannot fit into any form of body armour.
You are cold-blooded and may be slowed by cold attacks.


Message History

The rat bites you.
* * * LOW HITPOINT WARNING * * *
The rat bites you.
* * * LOW HITPOINT WARNING * * *
The rat closely misses you. The rat bites you.
* * * LOW HITPOINT WARNING * * *
The rat misses you. The rat barely misses you. The rat closely misses you.
The rat barely misses you. The rat bites you but does no damage.
The rat bites you.
* * * LOW HITPOINT WARNING * * *
The rat bites you but does no damage. The rat bites you but does no damage.
The rat completely misses you. The rat closely misses you.
The rat closely misses you. The rat closely misses you.
The rat barely misses you. The rat closely misses you.
The rat bites you but does no damage. The rat closely misses you.
The rat bites you but does no damage. The rat barely misses you.
The rat bites you but does no damage. The rat barely misses you.
The rat bites you.
* * * LOW HITPOINT WARNING * * *
The rat bites you.
* * * LOW HITPOINT WARNING * * *
The rat closely misses you. The rat closely misses you.
The rat barely misses you. The rat bites you but does no damage.
The rat closely misses you. The rat barely misses you. The rat bites you.
You die...

l.........################
#........>†.........
#.!###.###.#...#####
#..#.....#.#####
#..#.#...#.# #..#.#####.#
#..# ..# #%.#########
#.r@....... ##.########
...# #####


You could see a rat.

Vanquished Creatures
  A gnoll (D:1)
  An endoplasm (D:1)
  A quokka (D:1)
  A rat (D:1)
4 creatures vanquished.

Notes
Turn   | Place    | Note
-------+----------+-------------------------------------------
     0 | D:1      | TheScarfBastard the Draconian Berserker began the quest for
                  | the Orb.
     0 | D:1      | Reached XP level 1. HP: 19/19 MP: 1/1
    31 | D:1      | Reached XP level 2. HP: 7/26 MP: 2/2
   922 | D:1      | HP: 1/26 [rat (3)]
   940 | D:1      | HP: 1/26 [rat (2)]
   945 | D:1      | HP: 1/26 [rat (1)]
   958 | D:1      | HP: 1/26 [rat (2)]
   966 | D:1      | HP: 1/26 [rat (1)]
   982 | D:1      | HP: 1/26 [rat (1)]
   989 | D:1      | Slain by a rat

Illustrated notes

Levels and vault maps discovered:
D:1:      minmay_arrival_four_loops, layout_basic

Action                     || total
---------------------------++-------
  Melee: Mace              ||    13
         Tailslap          ||     1
    Use: Scroll            ||     1
 Armour: Skin              ||   374
  Dodge: Dodged            ||   472

Table legend: (Time is in decaauts)
 A = Elapsed time spent in this place.
 B = Non-inter-level travel time spent in this place.
 C = Inter-level travel time spent in this place.
 D = Time resting spent in this place.
 E = Time spent auto-exploring this place.
 F = Levels seen in this place.
 G = Mean time per level.
                   A        B        C        D        E       F      G
               +--------+--------+--------+--------+--------+-----+--------+
         Total |    992 |    992 |      0 |      0 |     96 |   1 |  992.0 |
       Dungeon |    992 |    992 |      0 |      0 |     96 |   1 |  992.0 |
               +--------+--------+--------+--------+--------+-----+--------+

Top non-repeatable levels by time:
     D:1: 992 daAuts
